 Dungeon Crawl Stone Soup version 0.22-a0-515-g75794bf (webtiles) character file.

5476 inc the Blocker (level 11, 0/112 HPs)
             Began as a Formicid Fighter on June 19, 2018.
             Was a Priest of Cheibriados.
             Slain by a troll (2 damage)
             ... on level 10 of the Dungeon.
             The game lasted 00:17:20 (9612 turns).

inc the Blocker (Formicid Fighter)                  Turns: 9612, Time: 00:17:22

Health: 0/112      AC: 25    Str: 30    XL:     11   Next: 0%
Magic:  11/11      EV:  2    Int: 23    God:    Cheibriados [***...]
Gold:   383        SH:  0    Dex: 18    Spells: 10/10 levels left

rFire    . . .     SeeInvis .   a - +1 quarterstaff
rCold    . . .     Gourm    .   c - +1 shield
rNeg     + + +     Faith    .   (armour currently unavailable)
rPois    +         Spirit   .   (helmet unavailable)
rElec    .         Reflect  .   (cloak currently unavailable)
rCorr    .         Harm     .   (gloves currently unavailable)
MR       +....                  (boots currently unavailable)
Stlth    +.........             (no amulet)
HPRegen  0.28/turn              y - ring of wizardry
MPRegen  0.12/turn              (no ring)

@: confused, brilliant, tree-form, very slow
A: permanent stasis, dig shafts and tunnels, four strong arms
a: Bend Time, Temporal Distortion, Renounce Religion


You were on level 10 of the Dungeon.
You worshipped Cheibriados.
Cheibriados was most pleased with you.
You were not hungry.
You were a tree.
You visited 2 branches of the dungeon, and saw 11 of its levels.
You also visited: Ossuary.

You collected 383 gold pieces.

Inventory:

Hand Weapons
 a - a +1 quarterstaff (weapon)
Armour
 b - a +0 scale mail (melded)
 c - a +1 shield (worn)
 D - a +0 pair of gloves (melded)
Jewellery
 t - a +2 ring of slaying {unknown}
 y - a ring of wizardry (left branch)
 z - an uncursed amulet of rage
Wands
 m - a wand of polymorph (19)
 w - a wand of paralysis (17)
 A - a wand of acid (5)
 B - a wand of iceblast (6)
Scrolls
 h - 2 scrolls of magic mapping
 i - 4 scrolls of remove curse
 k - 3 scrolls of teleportation
 n - 3 scrolls of enchant weapon
 p - a scroll of enchant armour
 s - a scroll of immolation {unknown}
 v - 3 scrolls of identify
Potions
 d - a potion of degeneration
 e - a potion of ambrosia
 l - 2 potions of flight
 o - a potion of resistance
 q - a potion of agility
 C - a potion of brilliance
Miscellaneous
 j - a fan of gales
Comestibles
 f - 17 rations


   Skills:
 - Level 3.2 Fighting
 + Level 11.7 Staves
 - Level 3.2 Armour
 + Level 12.4 Shields


You had 10 spell levels left.
You didn't know any spells.
Your spell library contained the following spells:

 Spells                   Type           Power        Failure   Level  Hunger
 Bolt of Cold             Conj/Ice       ##........   86%         6    #######
 Confuse                  Hex            ##......     5%          3    ####...
 Freezing Cloud           Conj/Ice/Air   ##........   86%         6    #######
 Teleport Other           Tloc           ##......     5%          3    ####...
 Blink                    Tloc           N/A          3%          2    ###....
 Ozocubu's Refrigeration  Ice            ##........   86%         6    #######
 Ice Form                 Ice/Tmut       ##......     16%         4    #####..
 Confusing Touch          Hex            ##....       1%          1    ##.....
 Metabolic Englaciation   Hex/Ice        ##........   38%         5    ######.
 Simulacrum               Ice/Necr       ##........   86%         6    #######
 Petrify                  Tmut/Erth      ##......     16%         4    #####..
 Passage of Golubria      Tloc           N/A          16%         4    #####..
 Shroud of Golubria       Chrm/Tloc      ##........   3%          2    ###....
 Gell's Gravitas          Tloc           ##........   5%          3    ####...
 Yara's Violent Unravell  Hex/Tmut       ##........   38%         5    ######.
 Lesser Beckoning         Tloc           ##........   5%          3    ####...


Dungeon Overview and Level Annotations

Branches:
Dungeon (10/15)            Temple (1/1) D:7
   Lair: D:8-11         Orc: D:9-12

Altars:
Ashenzari
Cheibriados
Dithmenos
Elyvilon
Fedhas
Gozag
Hepliaklqana
Kikubaaqudgha
Makhleb
Nemelex Xobeh
Okawaru
Qazlal
Ru
Sif Muna
Trog
Uskayaw
Vehumet
Wu Jian
Xom
Yredelemnul
Zin
The Shining One

Shops:
D:7 :

Annotations:
D:4 2 transporters


Innate Abilities, Weirdness & Mutations

You cannot be hasted, slowed, berserked, paralysed or teleported.
You can dig through walls and to a lower floor.
Your four strong arms can wield two-handed weapons with a shield.
((You have a pair of large antennae on your head. (SInv)))


Message History

You closely miss the troll.
The troll is severely wounded.
The phantom blinks!
You block the gnoll's attack. You block the troll's attack. x2
The troll claws you.
* * * LOW HITPOINT WARNING * * *
The gnoll hits you but does no damage.
Okay, then.
Okay, then.
You are confused.
You feel invigorated.
The gnoll hits you but does no damage. x2
The troll bites you but does no damage. The troll claws you.
* * * LOW HITPOINT WARNING * * *
The troll claws you but does no damage. The gnoll hits you but does no damage.
Unknown command.
You hit the troll but do no damage.
The troll is severely wounded.
The gnoll hits you from afar with a spear.
* * * LOW HITPOINT WARNING * * *
The troll bites you.
You die...

#....# #....#
#######....####
#..........W...
...............
......gg.......
#...Tg......
#...♣.......
#....)......
##⌠...⌠..##.
##.....##
#######


You could see a troll, a phantom and 3 gnolls.

Vanquished Creatures
  2 two-headed ogres (D:9)
  An orc sorcerer (D:7)
  A spriggan (D:7)
  3 yaks (D:9)
  3 wyverns
  2 hungry ghosts
  A water moccasin (D:7)
  2 ice beasts
  A sky beast (D:8)
  A necrophage (D:6)
  2 ogres
  A phantom (D:9)
  A centaur (D:5)
  5 bullfrogs
  A water moccasin skeleton (D:4)
  2 scorpions
  3 killer bees (D:7)
  A howler monkey (D:5)
  6 crimson imps
  2 bullfrog zombies
  3 hounds
  A bullfrog skeleton (D:7)
  3 iguanas
  6 orc wizards
  6 worker ants
  A hound skeleton (D:6)
  4 mummies
  A worker ant zombie (D:7)
  A howler monkey skeleton (D:8)
  A gnoll (D:10)
  9 adders
  4 shadow imps
  An adder skeleton (D:7)
  5 adder zombies
  3 dart slugs
  7 leopard geckos
  22 orcs
  2 ball pythons (D:1)
  5 giant cockroaches
  A goblin (D:2)
  6 hobgoblins
  14 jackals
  10 quokkas
  10 bats
  4 frilled lizards
  2 goblin zombies (Ossuary)
  2 hobgoblin zombies (Ossuary)
  A jackal zombie (D:6)
  4 kobolds
  3 kobold zombies (Ossuary)
  3 leopard gecko skeletons
  A quokka skeleton (D:2)
  4 quokka zombies (Ossuary)
  11 rats
  3 rat zombies (Ossuary)
205 creatures vanquished.

Notes
Turn   | Place    | Note
-------+----------+-------------------------------------------
     0 | D:1      | inc the Formicid Fighter began the quest for the Orb.
     0 | D:1      | Reached XP level 1. HP: 18/18 MP: 1/1
   204 | D:1      | Reached XP level 2. HP: 22/24 MP: 2/2
   762 | D:2      | Reached XP level 3. HP: 29/29 MP: 3/3
   986 | D:2      | Found a shattered altar of Ashenzari.
  1371 | D:2      | Found a deep blue altar of Sif Muna.
  1541 | D:2      | Reached XP level 4. HP: 34/35 MP: 4/4
  1609 | D:3      | Found a faded altar of an unknown god.
  1930 | D:3      | Reached XP level 5. HP: 40/41 MP: 5/5
  2068 | D:3      | Reached skill level 5 in Staves
  2368 | D:4      | Found a sand-covered staircase.
  2372 | Ossuary  | Entered an ossuary
  2383 | Ossuary  | HP: 2/61 [mummy (8)]
  2384 | Ossuary  | Reached XP level 6. HP: 2/47 MP: 6/6
  2924 | D:4      | Reached skill level 4 in Shields
  3160 | D:4      | Reached XP level 7. HP: 21/52 MP: 7/7
  3439 | D:4      | Found a hide-covered altar of Uskayaw.
  3440 | D:4      | Found a glowing silver altar of Zin.
  3462 | D:4      | Found a transporter.
  3502 | D:4      | Found a transporter.
  3578 | D:4      | Found a hazy altar of Hepliaklqana.
  3706 | D:5      | Entered Level 5 of the Dungeon
  3732 | D:5      | Reached skill level 5 in Shields
  3796 | D:5      | Found a snail-covered altar of Cheibriados.
  3810 | D:5      | Became a worshipper of Cheibriados the Contemplative
  3880 | D:5      | Found an ornate altar of the Wu Jian Council.
  3902 | D:5      | Found a glowing golden altar of the Shining One.
  3926 | D:5      | Reached skill level 6 in Shields
  4024 | D:5      | Reached XP level 8. HP: 44/58 MP: 8/8
  4442 | D:5      | Reached * piety under Cheibriados
  4659 | D:6      | Reached skill level 7 in Shields
  5134 | D:6      | Reached ** piety under Cheibriados
  5326 | D:6      | Found an iron altar of Okawaru.
  5378 | D:6      | Reached skill level 8 in Shields
  5645 | D:7      | Reached XP level 9. HP: 49/64 MP: 9/9
  5769 | D:7      | Found a basalt altar of Yredelemnul.
  5793 | D:7      | HP: 2/64 [jackal (2)]
  6001 | D:7      | Noticed an orc sorcerer
  6031 | D:7      | Reached skill level 9 in Shields
  6226 | D:7      | Found an ancient bone altar of Kikubaaqudgha.
  6312 | D:7      | Noticed an orc sorcerer
  6332 | D:7      | Killed an orc sorcerer
  6332 | D:7      | Reached skill level 10 in Shields
  6493 | D:7      | Reached skill level 10 in Staves
  6525 | D:7      | Found a staircase to the Ecumenical Temple.
  6538 | Temple   | Entered the Ecumenical Temple
  6755 | D:7      | Found Xiqum's Book Emporium.
  7085 | D:7      | Reached *** piety under Cheibriados
  7492 | D:8      | Reached XP level 10. HP: 33/70 MP: 10/10
  8156 | D:8      | Reached skill level 11 in Shields
  9213 | D:9      | Noticed a two-headed ogre
  9225 | D:9      | Killed a two-headed ogre
  9225 | D:9      | Reached skill level 12 in Shields
  9406 | D:9      | Found a stormy altar of Qazlal.
  9512 | D:9      | Found a white marble altar of Elyvilon.
  9578 | D:9      | Noticed a two-headed ogre
  9589 | D:9      | HP: 1/70 [two-headed ogre/giant spiked club (25)]
  9592 | D:9      | Killed a two-headed ogre
  9592 | D:9      | Reached XP level 11. HP: 2/75 MP: 11/11
  9594 | D:10     | Entered Level 10 of the Dungeon
  9602 | D:10     | HP: 1/112 [troll (5)]
  9610 | D:10     | HP: 2/112 [troll (6)]
  9612 | D:10     | Slain by a troll

Vault maps used:
D:1:      tarquinn_simple_flora_water_a
D:2:      marbit_many_paths, lemuel_doored_altar
D:3:      minmay_diamond_boxcup, chequers_ecumenical_altar_simple, first_ration,
          eino_tiny_chamber, grunt_ministairs_13
D:4:      gammafunk_wand_slinger, lemuel_round_altar,
          gammafunk_temple_overflow_pools, nicolae_ossuary_entry_plus,
          kennysheep_diamond
D:5:      lemuel_round_altar, slow_altar_1, tso_metal_star
D:6:      kennysheep_mini
D:7:      cheibrodos_wizards_tower, overflow_temple_1_default,
          kiku_gazebo_pond_becter, minmay_temple_entry_statues_fountains,
          serial_shops, nicolae_shop_crystal, the_bakery
D:8:      minmay_misc_feat_diagonals, kennysheep_small_spiral
D:9:      elyvilon_altar_4, nicolae_qazlal_style_of_elements
D:10:     grunt_ministairs_1
Temple:   dpeg_chambers_temple
Ossuary:  ossuary_minmay_chase

Skill      XL: |  1  2  3  4  5  6  7  8  9 10 |
---------------+-------------------------------+-----
Staves         | 3 4 5 6 7 8 10 11 | 11.7
Shields        | 4 6 8 10 12 | 12.4
Fighting       | |  3.2
Armour         | |  3.2

Action                   |  1- 3 |  4- 6 |  7- 9 | 10-12 || total
-------------------------+-------+-------+-------+-------++-------
Melee: Quarterstaff      |   129 |   185 |   405 |   161 ||   880
Invok: Bend Time         |       |       |     1 |       ||     1
 Abil: Dig               |       |       |     3 |     4 ||     7
  Use: Potion            |       |     3 |    10 |     5 ||    18
       Scroll            |       |     6 |       |    12 ||    18
 Stab: Distracted        |       |     1 |       |       ||     1
  Eat: Chunk             |     1 |     3 |     8 |     5 ||    17
       Ration            |       |     1 |     1 |     1 ||     3
Armor: Scale mail        |    55 |    76 |   105 |    31 ||   267
       Skin              |       |     3 |       |    47 ||    50
Dodge: Dodged            |    43 |    39 |   191 |    32 ||   305
Block: Shield            |    64 |    86 |   250 |    88 ||   488

Table legend:
 A = Spawn XP
 B = Non-spawn XP
 C = Spawn XP percentage of total XP
 D = Spawn monster count
 E = Non-spawn monster count
 F = Spawn count percentage of total count
 G = Total turns spent on level
                    A         B        C        D         E        F      G
               +---------+---------+-------+---------+---------+-------+---------
         Total |       0 |    7823 |   0.0 |       0 |     205 |   0.0 |  9612
               +---------+---------+-------+---------+---------+-------+---------
           D:1 |       0 |      27 |   0.0 |       0 |      17 |   0.0 |   744
           D:2 |       0 |      55 |   0.0 |       0 |      18 |   0.0 |   828
           D:3 |       0 |     160 |   0.0 |       0 |      30 |   0.0 |   785
           D:4 |       0 |     238 |   0.0 |       0 |      15 |   0.0 |   882
           D:5 |       0 |     688 |   0.0 |       0 |      25 |   0.0 |   917
           D:6 |       0 |     679 |   0.0 |       0 |      30 |   0.0 |  1098
           D:7 |       0 |    1952 |   0.0 |       0 |      24 |   0.0 |  1588
           D:8 |       0 |     823 |   0.0 |       0 |      12 |   0.0 |  1223
           D:9 |       0 |    3096 |   0.0 |       0 |      12 |   0.0 |   857
          D:10 |       0 |      14 |   0.0 |       0 |       1 |   0.0 |    18
       Ossuary |       0 |      91 |   0.0 |       0 |      21 |   0.0 |   467
               +---------+---------+-------+---------+---------+-------+---------
